 Dungeon Crawl Stone Soup version 0.28.0-53-g5a82cb258f (webtiles) character file.

Game seed: 2405547981566687218

289 Labrat the Conjurer (level 5, 5/38 HPs)
             Began as a Demigod Conjurer on Nov 25, 2022.
             Quit the game in a sewer.
             The game lasted 00:07:40 (3133 turns).

Labrat the Conjurer (Demigod Conjurer)              Turns: 3133, Time: 00:07:40

Health: 5/38       AC:  3    Str:  8    XL:     5   Next: 82%
Magic:  0/14       EV: 12    Int: 24    God:
Gold:   105        SH:  0    Dex: 12    Spells: 9/12 levels left

rFire   . . .      SeeInvis .   (no weapon)
rCold   . . .      Faith    .   (no shield)
rNeg    . . .      Spirit   .   a - +0 robe
rPois   .          Reflect  .   (no helmet)
rElec   .          Harm     .   (no cloak)
rCorr   .          Rampage  .   d - +0 pair of gloves
Will    .....                   (no boots)
Stlth   ++........              (no amulet)
HPRegen 0.12/turn               (no ring)
MPRegen 0.14/turn               (no ring)

@: lethally poisoned (5 -> -14)
A: high MP 1, forlorn, divine attributes
a: no special abilities


You were in a sewer.
You visited 1 branch of the dungeon, and saw 3 of its levels.
You also visited: Sewer.

You collected 105 gold pieces.

Inventory:

Missiles
 i - 7 poisoned darts
Armour
 a - a +0 robe (worn)
 d - a +0 pair of gloves (worn)
Wands
 h - a wand of polymorph (10)
Scrolls
 b - a scroll of immolation {unknown}
 e - a scroll of magic mapping {unknown}
 f - 3 scrolls of identify {unknown}
 g - a scroll of vulnerability {unknown}


   Skills:
 - Level 1.7 Dodging
 - Level 1.7 Stealth
 + Level 4.0 Spellcasting
 + Level 5.4 Conjurations


You had 9 spell levels left.
You knew the following spells:

 Your Spells              Type           Power      Damage    Failure   Level
a - Magic Dart            Conj           100%       1d8       1%          1
b - Searing Ray           Conj           60%        2d6       1%          2

Your spell library contained the following spells:

 Spells                   Type           Power      Damage    Failure   Level
 Slow                     Hex            16%        N/A       10%         1
 Dazzling Flash           Conj/Hex       34%        N/A       10%         3
 Corpse Rot               Necr/Air       8%         N/A       14%         2
 Poisonous Vapours        Pois/Air       8%         N/A       14%         2
 Confusing Touch          Hex            4%         N/A       28%         3
 Vampiric Draining        Necr           4%         2d6       28%         3
 Fulminant Prism          Conj/Hex       8%         3d7       32%         4
 Iskenderun's Mystic Bla  Conj/Tloc      17%        2d5       32%         4
 Lightning Bolt           Conj/Air       8%         1d21      65%         5
 Airstrike                Air            2%         N/A       67%         4
 Summon Lightning Spire   Summ/Air       4%         N/A       67%         4


Dungeon Overview and Level Annotations

Branches:
Dungeon (3/15)              Sewer (1/1)


Innate Abilities, Weirdness & Mutations

You have an increased reservoir of magic. (+10% MP)
You shall have no god before yourself.
Your divine heritage dramatically boosts your attributes as you level up.


Message History

The curare-tipped dart barely misses you.
The kobold brigand throws a curare-tipped dart.
The curare-tipped dart misses you.
You start resting.
A kobold brigand is nearby!
Aiming: Polymorph
Press: ? - help, Shift-Dir - straight line, f - kobold brigand
Aim: a kobold brigand, wielding a +0 short sword and quivering curare-tipped darts (will become a worm, a naga, or a fire bat, chance to affect: 49%)
The kobold brigand resists with some effort.
Casting: Searing Ray (safe; 1% risk of failure)
Confirm with . or Enter, or press ? or * to list all spells.
Aiming: Searing Ray (safe; 1% risk of failure)
Press: ? - help, Shift-Dir - straight line, f/p - kobold brigand
Aim: a kobold brigand, wielding a +0 short sword and quivering curare-tipped darts (74% to hit)
The searing ray hits the kobold brigand.
The kobold brigand is lightly wounded. (Press . to maintain the ray.)
The searing ray hits the kobold brigand.
The kobold brigand is moderately wounded.
The kobold brigand throws a curare-tipped dart.
The curare-tipped dart hits you.
You are poisoned.
You have difficulty breathing.
You feel yourself slow down.
The searing ray hits the kobold brigand.
The kobold brigand is heavily wounded.
You feel very sick.
The kobold brigand throws a curare-tipped dart.
The curare-tipped dart hits you.
You are lethally poisoned!
You have difficulty breathing.
You feel as though you will be slow longer.
It was a potion of cancellation.
Your magical effects are unravelling.
You feel magically purged.
You feel yourself speed up.
* * * LOW HITPOINT WARNING * * *
You feel extremely sick.
The kobold brigand throws a curare-tipped dart.
The curare-tipped dart closely misses you.
Are you sure you want to abandon this character and quit the game? (Confirm with "yes".)

#≈≈≈≈≈≈#...≈≈≈≈≈≈≈#≈≈≈#
#≈≈≈≈≈≈#...#≈≈≈≈≈≈#≈≈≈#
#≈≈≈≈≈≈≈...#≈≈≈≈≈≈#≈≈≈#
#≈≈≈≈≈≈#...#≈≈≈≈≈≈#
#≈≈≈≈≈≈#...≈≈≈≈≈≈≈#≈≈≈#
#≈≈≈≈≈≈#...#≈≈≈≈≈≈#≈≈≈#
#≈≈≈≈≈..)≈...≈≈≈≈≈#≈≈≈#
#≈≈≈≈..#≈≈≈#..≈≈≈≈#≈≈≈#
#......#≈≈≈#@.K.†.#≈.≈#
#+#######≈#######)#≈≈≈#
.K.#)†....#≈.≈#
K≈.....)≈≈≈≈≈≈≈≈≈#
≈≈#..K#≈≈≈≈≈≈#≈≈≈#
####'############# #..


KB. '.. You could see a kobold brigand.

Vanquished Creatures
  A quasit (Sewer)
  Jessica (D:2)
  Natasha (thrice) (D:2)
  3 adders
  A river rat (D:3)
  5 shadow imps (Sewer)
  3 ufetubi (Sewer)
  2 worms
  3 ball pythons
  A bat zombie (Sewer)
  7 endoplasms
  2 giant cockroaches
  5 hobgoblins
  6 jackals
  17 kobolds
  4 bats
  2 frilled lizards (D:2)
  2 goblins (D:1)
  A kobold zombie (Sewer)
  4 rats
73 creatures vanquished.

Vanquished Creatures (others)
  A kobold zombie (Sewer)
1 creature vanquished.

Grand Total: 74 creatures vanquished

Notes
Turn   | Place    | Note
-------+----------+-------------------------------------------
     0 | D:1      | Labrat the Demigod Conjurer began the quest for the Orb.
     0 | D:1      | Reached XP level 1. HP: 14/14 MP: 5/5
   391 | D:1      | Reached XP level 2. HP: 20/20 MP: 1/7
   562 | D:1      | Reached skill level 4 in Conjurations
   798 | D:1      | Learned a level 2 spell: Searing Ray
   983 | D:2      | Noticed Natasha
  1147 | D:2      | Reached XP level 3. HP: 10/26 MP: 0/9
  1477 | D:2      | Noticed Jessica
  1480 | D:2      | Killed Jessica
  1935 | D:2      | Killed Natasha
  1936 | D:2      | Reached XP level 4. HP: 33/33 MP: 6/11
  2261 | D:2      | Noticed Natasha
  2265 | D:2      | Killed Natasha
  2305 | D:2      | Noticed Natasha
  2316 | D:2      | Killed Natasha
  2419 | D:3      | Reached XP level 5. HP: 32/38 MP: 4/13
  2460 | D:3      | Reached skill level 5 in Conjurations
  2559 | D:3      | Found a glowing drain.
  2566 | Sewer    | Entered a sewer
  3133 | Sewer    | Quit the game

Illustrated notes

Levels and vault maps discovered:
D:1:      moated_graveyard_arrival, layout_basic,
          hellmonk_ecumenical_altar_leap_of_faith
D:2:      layout_loops_corners, minmay_between, uniq_jessica, uniq_natasha
D:3:      layout_loops_ring, lightli_sewer_entry_pipes, minmay_surrounded,
          uniq_ijyb, uniq_robin, uniq_sigmund
Sewer:    kennysheep_sewer_church

Skill      XL: |  1  2  3  4  5 |
---------------+----------------+-----
Spellcasting   | 2 3 4 |  4.0
Conjurations   | 4 5 |  5.4
Dodging        | |  1.7
Stealth        | |  1.7

Action                   |  1- 3 |  4- 6 || total
-------------------------+-------+-------++-------
Melee: Unarmed           |       |     1 ||     1
 Cast: Magic Dart        |    68 |    47 ||   115
       Searing Ray       |     4 |    12 ||    16
Evoke: Wand              |       |     1 ||     1
  Use: Potion            |       |     1 ||     1
Armor: Robe              |     1 |     6 ||     7
Dodge: Dodged            |     3 |    36 ||    39
